 Dungeon Crawl Stone Soup version 0.20.0 (webtiles) character file.

13956 Llamajah the Nimble (level 12, -7/98 HPs)
             Began as a Barachi Fighter on June 21, 2017.
             Was a High Priest of Trog.
             Killed from afar by a deep elf mage (19 damage)
             ... with a bolt of magma
             ... on level 11 of the Dungeon.
             The game lasted 00:44:33 (11434 turns).

Llamajah the Nimble (Barachi Fighter)              Turns: 11434, Time: 00:44:33

Health: -7/98      AC: 14    Str: 26    XL:     12   Next: 11%
Magic:  18/18      EV: 14    Int:  8    God:    Trog [*****.]
Gold:   491        SH:  9    Dex: 11    Spells: 11/11 levels left

rFire    . . .     SeeInvis .   B - +6 long sword "Dragon's Doom" {drain, +Inv Str+2 Stlth+}
rCold    . . .     Gourm    +   c - +0 shield
rNeg     . . .     Faith    .   s - +3 ring mail {MR+}
rPois    +         Spirit   .   (no helmet)
rElec    .         Reflect  .   y - +0 cloak
rCorr    +         Harm     .   K - +0 pair of gloves
MR       +....                  A - +0 pair of boots
Stlth    ++........             k - amulet of the gourmand
Regen    0.3/turn               M - ring of resist corrosion
MPRegen  0.2/turn               w - ring of poison resistance

@: can't hop, berserk cooldown, slowed, drained, very slow
A: +LOS, swims, slowness 1, strong legs 1
a: Hop, Berserk, Trog's Hand, Brothers in Arms, Burn Spellbooks, Renounce
Religion, Evoke Invisibility


You were on level 11 of the Dungeon.
You worshipped Trog.
Trog was extremely pleased with you.
You were very full.

You visited 2 branches of the dungeon, and saw 12 of its levels.

You collected 491 gold pieces.

Inventory:

Hand Weapons
 B - the +6 long sword "Dragon's Doom" (weapon) {drain, +Inv Str+2 Stlth+}
   (You found it on level 5 of the Dungeon)

   A truly terrible weapon, it drains the life of those it strikes.
   It affects your strength (+2).
   It lets you turn invisible.
   It makes you more stealthy.
 C - a +0 great sword
Armour
 c - a +0 shield (worn)
 l - a +0 chain mail
 s - a +3 ring mail of magic resistance (worn)
 y - a +0 cloak (worn)
 A - a +0 pair of boots (worn)
 F - a +0 plate armour
 K - a +0 pair of gloves (worn)
Jewellery
 g - an uncursed ring of positive energy
 i - an uncursed ring of see invisible
 k - an amulet of the gourmand (around neck)
 o - an uncursed ring of magical power
 w - a ring of poison resistance (right hand)
 M - a ring of resist corrosion (left hand)
Wands
 p - a wand of iceblast (7/15)
 L - a wand of polymorph (17/24)
 O - a wand of polymorph (13/24)
 P - a wand of random effects (22/48)
Scrolls
 b - a scroll of enchant armour {unknown}
 d - 6 scrolls of identify
 n - a scroll of remove curse
 q - 6 scrolls of teleportation
 t - 3 scrolls of magic mapping
 G - 2 scrolls of enchant weapon
 H - a scroll of silence {unknown}
 I - a scroll of vulnerability {unknown}
Potions
 a - a potion of lignification {unknown}
 e - a potion of curing {unknown}
 j - a potion of resistance
 r - 3 potions of magic
 u - 3 potions of flight {unknown}
 v - a potion of might
 z - a potion of cancellation {unknown}
 E - a potion of haste {unknown}
 J - 3 potions of mutation {unknown}
Comestibles
 f - 5 bread rations
 m - 12 royal jellies
 x - 8 fruits
 D - 6 meat rations
 N - 2 chunks of flesh


   Skills:
 + Level 10.5(9.7) Fighting
 + Level 10.0(9.3) Long Blades
 + Level 10.1(9.4) Armour
 * Level 11.8(11.1) Dodging
 - Level 3.2(2.6) Shields
 + Level 8.0(7.3) Evocations


You had 11 spell levels left.
You didn't know any spells.

Dungeon Overview and Level Annotations

Branches:
Dungeon (11/15)            Temple (1/1) D:4            Lair (0/6) D:8
    Orc: D:9-12

Altars:
Ashenzari
Cheibriados
Dithmenos
Elyvilon
Fedhas
Gozag
Hepliaklqana
Kikubaaqudgha
Makhleb
Nemelex Xobeh
Okawaru
Qazlal
Ru
Sif Muna
Trog
Uskayaw
Vehumet
Xom
Yredelemnul
Zin
The Shining One

Shops:
D:4 *   D:7 =   D:11 %

Annotations:
D:3 Llamajah's ghost, amateur BaFi


Innate Abilities, Weirdness & Mutations

Shadows flee at your approach. (+LOS)
You can swim through water.
You cover ground slowly.
You can hop short distances.


Message History

The mummy closely misses you.
You riposte.
You hit the mummy but do no damage.
The mummy is severely damaged.
Something hits you but does no damage. Something bites you but does no damage.
A vampire mage comes into view.
You slash the mummy!
You destroy the mummy!
Your surroundings suddenly seem different.
The deep elf mage shouts!
The deep elf mage mumbles some strange words.
The deep elf mage blinks!
You open the door.
There is an open door here.
Hop to where?
Press: ? - help, Dir - move target cursor Boing!
As you read the scroll of fog, it crumbles to dust.
The scroll dissolves into smoke.
The deep elf mage gestures at you while chanting.
The bolt of magma hits you!
You die...

###### ####
....####§§######################
###..#..#§§§§e§.@.......<........
.....#.÷'§§§§§§..............###.
###.e'..#§§§######.......#.......
E....#..'...# #...............
###..#..#⌠.#######...............
.....####........................
###### ########'##....(..#######
#.........#.......#
#.........#.......#


You could see a deep elf mage.

Vanquished Creatures
  Snorg (D:11)
  2 two-headed ogres (D:11)
  Nergalle (D:11)
  4 deep elf magi (D:11)
  3 naga magi (D:11)
  3 hornets (D:9)
  2 trolls
  A hippogriff (D:9)
  A shadow (D:11)
  Sigmund (D:2)
  10 yaks
  A wyvern (D:11)
  An acid dragon (D:10)
  5 porcupines
  3 orc warriors
  2 ice beasts
  A necrophage (D:8)
  2 sky beasts
  An eye of draining (D:10)
  2 phantoms
  7 ogres
  8 centaurs
  4 crocodiles
  2 big kobolds
  6 bullfrogs
  A gnoll sergeant (D:5)
  A wyvern skeleton (D:9)
  4 scorpions
  6 killer bees (D:9)
  2 howler monkeys
  3 crimson imps
  A bullfrog zombie (D:6)
  A quasit (D:6)
  10 orc wizards
  A gnoll shaman (D:8)
  8 jellies
  A bullfrog skeleton (D:11)
  4 hounds
  5 orc priests
  4 iguanas
  Ijyb (D:4)
  5 worker ants
  2 hound zombies (D:8)
  A hound skeleton (D:11)
  A worker ant zombie (D:11)
  A howler monkey skeleton (D:6)
  17 gnolls
  11 adders
  A shadow imp (D:10)
  4 oozes
  An adder skeleton (D:4)
  5 worms
  2 leopard geckos
  36 orcs
  A ball python (D:2)
  8 bats
  4 giant cockroaches
  8 goblins
  8 hobgoblins
  8 jackals
  17 kobolds
  8 quokkas
  7 frilled lizards
  A leopard gecko zombie (D:5)
  3 quokka skeletons
  10 rats
297 creatures vanquished.

Vanquished Creatures (others)
  2 plants (D:8)
2 creatures vanquished.

Grand Total: 299 creatures vanquished

Notes
Turn   | Place    | Note
-------+----------+-------------------------------------------
     0 | D:1      | Llamajah the Barachi Fighter began the quest for the Orb.
     0 | D:1      | Reached XP level 1. HP: 18/18 MP: 1/1
   149 | D:1      | Reached XP level 2. HP: 24/24 MP: 2/2
   770 | D:2      | Reached skill level 1 in Dodging
   770 | D:2      | Reached XP level 3. HP: 27/30 MP: 3/3
  1068 | D:2      | Noticed Sigmund
  1097 | D:2      | Killed Sigmund
  1097 | D:2      | Reached skill level 3 in Dodging
  1097 | D:2      | Reached XP level 4. HP: 14/38 MP: 4/4
  1097 | D:2      | Reached XP level 5. HP: 16/43 MP: 5/5
  1834 | D:3      | Reached XP level 6. HP: 33/49 MP: 6/6
  2040 | D:3      | Found a hide-covered altar of Uskayaw.
  2352 | D:3      | Noticed Llamajah's ghost (amateur BaFi)
  2511 | D:3      | HP: 1/50 [Llamajah's ghost (6)]
  3041 | D:3      | Found a deep blue altar of Sif Muna.
  3512 | D:2      | Reached skill level 4 in Dodging
  3641 | D:4      | Reached skill level 5 in Fighting
  3641 | D:4      | Reached skill level 5 in Armour
  4138 | D:4      | Reached XP level 7. HP: 41/56 MP: 7/7
  4192 | D:3      | HP: 2/56 [iguana (9)]
  4599 | D:4      | Found a staircase to the Ecumenical Temple.
  4626 | Temple   | Entered the Ecumenical Temple
  4825 | Temple   | Became a worshipper of Trog the Wrathful
  4860 | D:4      | Found Wellu's Elemental Accessories.
  4865 | D:4      | Noticed Ijyb
  4894 | D:4      | Killed Ijyb
  5120 | D:5      | Entered Level 5 of the Dungeon
  5136 | D:4      | Reached skill level 5 in Dodging
  5370 | D:5      | Reached skill level 5 in Long Blades
  5370 | D:5      | Reached skill level 1 in Evocations
  6058 | D:4      | Reached XP level 8. HP: 63/63 MP: 9/9
  6071 | D:5      | Got a pitted long sword
  6072 | D:5      | Identified the +6 long sword "Dragon's Doom" {drain, +Inv Str+2 Stlth+} (You found it on level 5 of the Dungeon)
  6300 | D:5      | Found an iron altar of Okawaru.
  6717 | D:6      | Reached skill level 6 in Dodging
  6741 | D:6      | Found a burning altar of Makhleb.
  6741 | D:6      | Noticed a blizzard demon
  6851 | D:6      | Reached * piety under Trog
  7114 | D:7      | Found a sparkling altar of Nemelex Xobeh.
  7206 | D:7      | Reached skill level 7 in Dodging
  7333 | D:7      | Reached XP level 9. HP: 66/71 MP: 11/11
  7343 | D:7      | Found a snail-covered altar of Cheibriados.
  7383 | D:7      | Found Cutyh's Jewellery Boutique.
  7723 | D:8      | Found a staircase to the Lair.
  7866 | D:8      | Reached ** piety under Trog
  7872 | D:8      | Reached skill level 8 in Dodging
  8220 | D:7      | Reached skill level 5 in Evocations
  8220 | D:7      | Reached XP level 10. HP: 80/80 MP: 13/13
  8221 | D:7      | Reached skill level 9 in Dodging
  8919 | D:8      | Found a glowing golden altar of the Shining One.
  8952 | D:8      | Found Azamm's Gadget Boutique.
  9004 | D:8      | Found a shattered altar of Ashenzari.
  9233 | D:8      | Reached *** piety under Trog
  9412 | D:9      | Found a basalt altar of Yredelemnul.
  9500 | D:9      | Reached skill level 10 in Dodging
  9842 | D:9      | Reached **** piety under Trog
 10026 | D:10     | Entered Level 10 of the Dungeon
 10046 | D:10     | Reached XP level 11. HP: 88/89 MP: 15/15
 10127 | D:10     | Found a sparkling altar of Nemelex Xobeh.
 10725 | D:11     | Noticed a two-headed ogre
 10726 | D:11     | Noticed a two-headed ogre
 10726 | D:11     | Noticed a deep elf mage
 10737 | D:11     | Killed a two-headed ogre
 10739 | D:11     | Killed a two-headed ogre
 10739 | D:11     | Reached skill level 11 in Dodging
 10742 | D:11     | Killed a deep elf mage
 10926 | D:11     | Found Xisiung's Food Boutique.
 10955 | D:11     | Found a basalt altar of Yredelemnul.
 11007 | D:11     | Reached ***** piety under Trog
 11015 | D:11     | Noticed Snorg
 11026 | D:11     | Killed Snorg
 11026 | D:11     | Reached skill level 10 in Fighting
 11110 | D:11     | Noticed Nergalle
 11117 | D:11     | Killed Nergalle
 11234 | D:11     | Noticed a deep elf mage
 11251 | D:11     | Killed a deep elf mage
 11399 | D:11     | Noticed a deep elf mage
 11399 | D:11     | Noticed a deep elf mage
 11401 | D:11     | Noticed a deep elf mage
 11402 | D:11     | Reached skill level 10 in Armour
 11402 | D:11     | Reached XP level 12. HP: 98/98 MP: 17/17
 11410 | D:11     | Reached skill level 10 in Long Blades
 11411 | D:11     | Noticed a vampire mage
 11420 | D:11     | Received a gift from Trog
 11424 | D:11     | Noticed a vampire mage
 11434 | D:11     | Killed from afar by a deep elf mage

Skill      XL: |  1  2  3  4  5  6  7  8  9 10 11 12 |
---------------+-------------------------------------+-----
Long Blades    | 3 4 5 6 7 8 9 10 | 10.0
Dodging        | 1 3 4 5 7 8 10 11 | 11.8
Fighting       | 4 5 6 7 9 10 | 10.5
Armour         | 4 5 6 7 8 10 | 10.1
Evocations     | 2 3 5 6 7 8 |  8.0
Shields        | |  3.2

Action                   |  1- 3 |  4- 6 |  7- 9 | 10-12 || total
-------------------------+-------+-------+-------+-------++-------
Melee: Long sword        |    75 |   238 |   291 |   388 ||   992
Invok: Berserk           |       |       |     4 |    15 ||    19
       Burn Spellbooks   |       |       |       |     1 ||     1
 Abil: Hop               |       |     1 |     3 |     2 ||     6
  Use: Potion            |     1 |     1 |     2 |       ||     4
       Scroll            |       |    10 |     2 |     2 ||    14
 Stab: Sleeping          |       |       |       |     2 ||     2
  Eat: Chunk             |     6 |    13 |    18 |    27 ||    64
Armor: Scale mail        |     7 |       |       |       ||     7
       Chain mail        |    30 |   143 |    26 |       ||   199
       Ring mail         |       |       |   116 |   142 ||   258
Dodge: Dodged            |    20 |    76 |   160 |   234 ||   490
Block: Shield            |    38 |   156 |   179 |   183 ||   556
       Rpst.: Long sword |     4 |    28 |    42 |    61 ||   135
